 Dungeon Crawl Stone Soup version 0.20-a0-949-g916514f (webtiles) character file.

27 krabocopter the Charmwright (level 2, -1/25 HPs)
             Began as a Draconian Skald on Apr 4, 2017.
             Slain by a gnoll (3 damage)
             ... on level 2 of the Dungeon.
             The game lasted 00:02:37 (807 turns).

krabocopter the Charmwright (Draconian Skald)        Turns: 807, Time: 00:02:38

Health: -1/25      AC:  5    Str: 13    XL:     2   Next: 93%
Magic:  4/5        EV: 18    Int: 13    God:
Gold:   33         SH:  0    Dex: 15    Spells: 2/5 levels left

rFire    . . .     SeeInvis .   a - +0 falchion
rCold    . . .     Gourm    .   (no shield)
rNeg     . . .     Faith    .   (armour unavailable)
rPois    .         Spirit   .   (helmet restricted)
rElec    .         Reflect  .   i - +0 cloak
rCorr    .         Harm     .   (no gloves)
MR       .....                  (no boots)
Stlth    ++........             (no amulet)
Regen    0.1/turn               (no ring)
MPRegen  0.1/turn               (no ring)

@: agile, singing
A: unfitting armour, cold-blooded, AC +4
a: Stop Singing


You were on level 2 of the Dungeon.
You were not hungry.

You visited 1 branch of the dungeon, and saw 2 of its levels.

You collected 33 gold pieces.

Inventory:

Hand Weapons
 a - a +0 falchion (weapon)
Armour
 i - a +0 cloak (worn)
Scrolls
 d - a scroll of enchant armour {unknown}
 f - 5 scrolls of identify {unknown}
Potions
 e - a potion of degeneration {unknown}
 g - a potion of agility
Books
 b - a book of Battle

   Spells                             Type                      Level
   a - Infusion                       Charms                       1
   b - Shroud of Golubria             Charms/Translocation         2
   c - Song of Slaying                Charms                       2
   d - Spectral Weapon                Hexes/Charms                 3
   e - Regeneration                   Charms/Necromancy            3
Comestibles
 c - a bread ration
 h - 4 royal jellies
 j - 3 chunks of flesh


   Skills:
 + Level 2.9 Fighting
 + Level 2.4 Long Blades
 - Level 2.1 Dodging
 - Level 2.0 Spellcasting
 + Level 3.0 Charms


You had 2 spell levels left.
You knew the following spells:

 Your Spells              Type           Power        Failure   Level  Hunger
a - Infusion              Chrm           #...         10%         1    ##.....
b - Song of Slaying       Chrm           #.......     12%         2    ###....


Dungeon Overview and Level Annotations

Branches:
Dungeon (2/15)

Altars:
Cheibriados
Elyvilon


Innate Abilities, Weirdness & Mutations

Your plain brown scales are hard. (AC +4)
You cannot fit into any form of body armour.
You are cold-blooded and may be slowed by cold attacks.


Message History

You take 4 damage, and have 17/25 hp.
You hit the gnoll. The gnoll completely misses you.
You riposte.
You closely miss the gnoll.
The gnoll hits you from afar with a spear!
You take 7 damage, and have 10/25 hp.
MASSIVE DAMAGE!!
You hit the gnoll.
The gnoll hits you from afar with a spear.
* * * LOW HITPOINT WARNING * * *
The gnoll misses you.
You take 4 damage, and have 6/25 hp.
You hit the gnoll. The gnoll hits you.
* * * LOW HITPOINT WARNING * * *
The gnoll hits you from afar with a spear.
* * * LOW HITPOINT WARNING * * *
You take 4 damage, and have 2/25 hp.
Found a trident.
It was a potion of agility.
You feel agile all of a sudden. The gnoll hits you.
You die...

#.$.....# #)# #.......# #..
#.......# #.# #....)..# #.#
#.......# #.# #.......##. #.#
###.....gg. #.# #g.####.. #@#
###g#.# ###########g# #.g###.#
#...........# #.#.#....
#####.####..###g######.#.......
##...#.####..###...gg.g...#..###.
.#............##.######..###.#
.[...#.####...##.# #...# .#
.#####.# #......# ####.# # ##
#........#### #.##


You could see 2 gnolls.

Vanquished Creatures
  4 dart slugs
  A leopard gecko (D:2)
  A goblin (D:1)
  2 hobgoblins
  2 bats
  3 frilled lizards
  2 kobolds (D:1)
  6 rats
21 creatures vanquished.

Notes
Turn   | Place    | Note
-------+----------+-------------------------------------------
     0 | D:1      | krabocopter the Draconian Skald began the quest for the Orb.
     0 | D:1      | Reached XP level 1. HP: 17/17 MP: 3/3
   115 | D:1      | Reached XP level 2. HP: 20/25 MP: 5/5
   511 | D:1      | Learned a level 2 spell: Song of Slaying
   620 | D:2      | Reached skill level 3 in Charms
   679 | D:2      | Found a snail-covered altar of Cheibriados.
   731 | D:2      | Found a white marble altar of Elyvilon.
   807 | D:2      | Slain by a gnoll

Vault maps used:
D:1:      dpeg_arrival_oval, minmay_hexomino_f4
D:2:      okawaru_gym_becter, elyvilon_altar_4, overflow_temple_1_default,
          roderic_lattice_a, tgw_kikubaaqudgha

Skill      XL: |  1  2 |
---------------+-------+-----
Charms         | 3 |  3.0
Fighting       | |  2.9
Long Blades    | |  2.4
Dodging        | |  2.1
Spellcasting   | |  2.0

Action                   || total
-------------------------++-------
Melee: Falchion          ||    37
       Tailslap          ||     5
 Cast: Song of Slaying   ||     1
  Use: Potion            ||     1
Armor: Skin              ||    11
Dodge: Dodged            ||    26
       Rpst.: Falchion   ||    10
